 Dungeon Crawl Stone Soup version 0.26.1-11-gd32895ea62 (webtiles) character file.

Game seed: 12449194857932751959

32 dtburroughs the Chopper (level 3, -2/49 HPs)
             Began as a Minotaur Berserker on June 4, 2021.
             Was a Believer of Trog.
             Slain by Crazy Yiuf
             ... wielding a +3 quarterstaff of chaos
              (9 damage)
             ... on level 2 of the Dungeon.
             The game lasted 00:01:40 (1372 turns).

dtburroughs the Chopper (Minotaur Berserker)        Turns: 1372, Time: 00:01:41

Health: -2/49      AC:  2    Str: 21    XL:     3   Next: 8%
Magic:  0/2        EV: 12    Int:  5    God:    Trog [**....]
Gold:   123        SH:  0    Dex:  9    Spells: 2/2 levels left

rFire    . . .     SeeInvis .   a - +0 hand axe
rCold    . . .     Faith    .   (no shield)
rNeg     . . .     Spirit   .   b - +0 animal skin
rPois    .         Reflect  .   (helmet restricted)
rElec    .         Harm     .   (no cloak)
rCorr    .         Rampage  .   (no gloves)
Will     .....                  (no boots)
Stlth    ..........             (no amulet)
HPRegen  0.16/turn              (no ring)
MPRegen  0.08/turn              (no ring)

@: berserking, lethally poisoned (-2 -> -12), very quick
A: retaliatory headbutt, horns 2
a: Renounce Religion, Berserk, Trog's Hand


You were on level 2 of the Dungeon.
You worshipped Trog.
Trog was pleased with you.
You visited 1 branch of the dungeon, and saw 2 of its levels.

You collected 123 gold pieces.

Inventory:

Hand Weapons
 a - a +0 hand axe (weapon)
Armour
 b - a +0 animal skin (worn)
Scrolls
 d - a scroll of remove curse {unknown}
 e - 2 scrolls of teleportation {unknown}
 f - 3 scrolls of identify {unknown}
 h - a scroll of enchant armour {unknown}
 i - a scroll of magic mapping {unknown}
 j - a scroll of amnesia {unknown}
Potions
 c - 2 potions of magic {unknown}
 g - a potion of curing {unknown}


   Skills:
 + Level 4.0 Fighting
 + Level 4.1 Axes
 + Level 3.0 Armour
 + Level 2.7 Dodging


You had 2 spell levels left.
You didn't know any spells.
Your spell library was empty.

Dungeon Overview and Level Annotations

Branches:
Dungeon (2/15)

Altars:

Annotations:
D:2 Crazy Yiuf


Innate Abilities, Weirdness & Mutations

You reflexively headbutt those who attack you in melee.
You have a pair of horns on your head.


Message History

Found a mace.
Found a runed translucent door.
Crazy Yiuf shouts!
You open the door. You hit Crazy Yiuf.
Crazy Yiuf is lightly wounded.
Crazy Yiuf hits you with a +3 quarterstaff of chaos!
You are poisoned.
You barely miss Crazy Yiuf. You headbutt Crazy Yiuf!
Crazy Yiuf is heavily wounded.
You feel sick.
Crazy Yiuf grits, "Lugonu fast snockshim!"
Crazy Yiuf hits you with a +3 quarterstaff of chaos!
* * * LOW HITPOINT WARNING * * *
You feel your power leaking away.
A red film seems to cover your vision as you go berserk!
You feel yourself moving faster!
You feel mighty!
* * * LOW HITPOINT WARNING * * *
You feel sick.
Crazy Yiuf hits you with a +3 quarterstaff of chaos!
You die...

####...######.## #####
#.# #.# ### .#
.#########♣♣ ### ..#
......)....♣♣ ♣♣#..)#
#.#
.###.#......♣♣♣♣@g...#
#.#
...#.##......♣..♣#...#
#######.#
............♣.♣♣♣ ###
#....##.#
.....##.##♣♣♣♣♣
####.##.# >...###.#
#.##.# ...####.# ###
#####.##.# ........#
#.# #........#
#.####### ##'##
#####.#### #.# ##...##
#.#


You could see Crazy Yiuf.

Vanquished Creatures
  A leopard gecko (D:2)
  4 bats
  2 giant cockroaches (D:1)
  2 goblins
  5 hobgoblins
  3 jackals (D:1)
  A ball python (D:2)
  4 frilled lizards
  3 kobolds
  3 rats (D:1)
28 creatures vanquished.

Notes
Turn   | Place    | Note
-------+----------+-------------------------------------------
     0 | D:1      | dtburroughs the Minotaur Berserker began the quest for the
                  | Orb.
     0 | D:1      | Reached XP level 1. HP: 19/19 MP: 0/0
   196 | D:1      | Reached XP level 2. HP: 24/27 MP: 1/1
  1024 | D:2      | Found a faded altar of an unknown god.
  1045 | D:2      | Reached ** piety under Trog
  1110 | D:2      | Reached XP level 3. HP: 32/32 MP: 2/2
  1365 | D:2      | Found a runed translucent door.
  1366 | D:2      | Noticed Crazy Yiuf
  1372 | D:2      | Slain by Crazy Yiuf

Illustrated notes

Levels and vault maps discovered:
D:1:      dpeg_arrival_arbitrary_b, layout_basic
D:2:      layout_loops_corners, chequers_ecumenical_altar_island, uniq_natasha,
          uniq_crazy_yiuf_cottage

Skill      XL: |  1  2 |
---------------+-------+-----
Fighting       | 4 |  4.0
Axes           | 4 |  4.1
Armour         | 3 |  3.0
Dodging        | |  2.7

Action                   || total
-------------------------++-------
Melee: Hand axe          ||    52
       Headbutt          ||    10
Invok: Berserk           ||     1
Armor: Animal skin       ||    10
Dodge: Dodged            ||    44
